 Dungeon Crawl Stone Soup version 0.27.0-1-g7a089689b8 (webtiles) character file.

Game seed: 9814990347874734878

102 voltaire321 the Slasher (level 4, 0/34 HPs)
             Began as a Demonspawn Gladiator on Aug 11, 2021.
             Was an Initiate of Wu Jian.
             Slain by an orc (1 damage)
             ... on level 4 of the Dungeon.
             The game lasted 00:04:30 (3059 turns).

voltaire321 the Slasher (Demonspawn Gladiator)      Turns: 3059, Time: 00:04:31

Health: 0/34       AC:  4    Str: 14    XL:     4   Next: 49%
Magic:  4/4        EV: 12    Int: 14    God:    Wu Jian [......]
Gold:   136        SH:  4    Dex: 15    Spells: 3/3 levels left

rFire    + + .     SeeInvis .   a - +0 long sword
rCold    . . .     Faith    .   l - +0 buckler
rNeg     . . .     Spirit   .   b - +0 leather armour
rPois    .         Reflect  .   c - +0 helmet
rElec    .         Harm     .   (no cloak)
rCorr    .         Rampage  .   (no gloves)
Will     +....                  (no boots)
Stlth    +.........             (no amulet)
HPRegen  0.11/turn              n - ring of willpower
MPRegen  0.09/turn              (no ring)

@: no status effects
A: talons 1, powered by death 1, clever 2, fire resistance 2
a: Renounce Religion


You were on level 4 of the Dungeon.
You worshipped Wu Jian.
Wu Jian was noncommittal.
You visited 1 branch of the dungeon, and saw 4 of its levels.

You collected 136 gold pieces.

Inventory:

Hand Weapons
 a - a +0 long sword (weapon)
Missiles
 d - 3 throwing nets (quivered)
Armour
 b - a +0 leather armour (worn)
 c - a +0 helmet (worn)
 l - a +0 buckler (worn)
Jewellery
 m - a ring of ice
 n - a ring of willpower (left hand)
Scrolls
 g - a scroll of magic mapping {unknown}
 i - 2 scrolls of identify {unknown}
 j - a scroll of enchant armour {unknown}
 k - a scroll of vulnerability {unknown}
 o - a scroll of enchant weapon {unknown}
 p - a scroll of teleportation {unknown}
 q - a scroll of immolation {unknown}
Potions
 f - a potion of brilliance {unknown}
 h - a potion of magic {unknown}


   Skills:
 + Level 2.6 Fighting
 + Level 3.2 Long Blades
 + Level 2.4 Throwing
 + Level 1.3 Armour
 + Level 3.1 Dodging
 + Level 0.6 Shields


You had 3 spell levels left.
You didn't know any spells.
Your spell library contained the following spells:

 Spells                   Type           Power      Damage    Failure   Level
 Passage of Golubria      Tloc           N/A        N/A       99%         4
 Silence                  Hex/Air        0%         N/A       100%        5
 Lehudib's Crystal Spear  Conj/Erth      0%         10d2      100%        8


Dungeon Overview and Level Annotations

Branches:
Dungeon (4/15)
 Temple: D:4-7

Altars:
Cheibriados
Wu Jian
Yredelemnul


Innate Abilities, Weirdness & Mutations

You have sharp toenails.
You regenerate a little health from kills.
Your mind is very acute. (Int +4)
Your flesh is very heat resistant. (rF++)


Message History

The orc closely misses you. The orc hits you with a +0 whip.
The orc hits you but does no damage. You block the orc priest's attack.
Found 6 gold pieces and a scroll labelled AZATAH HUUWN.
You slash the orc priest!
The orc priest is heavily wounded.
You block the orc's attack. x2; The adder closely misses you.
You riposte.
You hit the adder. Your kick misses the adder.
The adder is heavily wounded.
The orc priest hits you with a +0 hand axe.
The orc barely misses you.
An adder skeleton comes into view.
You hit the orc priest but do no damage.
The orc priest is heavily wounded.
The adder bites you but does no damage. The orc hits you with a +0 whip.
* * * LOW HITPOINT WARNING * * *
The orc priest hits you with a +0 hand axe.
* * * LOW HITPOINT WARNING * * *
The orc misses you. The adder barely misses you.
The orc hits you with a +0 dagger.
* * * LOW HITPOINT WARNING * * *
You block the orc's attack. The orc priest barely misses you.
You riposte.
You hit the orc priest. You claw the orc priest.
You kill the orc priest!
The Council accepts your kill.
You have reached level 4!
You feel clever.
You hit the adder. You claw the adder.
You kill the adder!
The Council accepts your kill. The orc closely misses you.
You riposte.
You hit the orc but do no damage. You claw the orc, but do no damage.
The orc hits you with a +0 dagger.
* * * LOW HITPOINT WARNING * * *
The orc hits you but does no damage. The orc misses you.
You riposte.
You barely miss the orc. You claw the orc, but do no damage.
It was a potion of mutation.
You feel extremely strange.
You feel resistant to heat.
You feel clever.
You feel more resistant to heat.
You feel clever. The orc hits you with a +0 dagger.
You die...

...# ##.. ...#
.....#..##...# ..####
..........#..# ......
.......<.###.##......
...###.#......#......
#...^.............
...................
............o)o.....#
....[.......o@.......
.............†......#
..........#..........
.#.#.##.#..........
.... .........Z.#. ..
##............
.............
#...?..$......


You could see 3 orcs and an adder skeleton.

Vanquished Creatures
  An orc priest (D:4)
  An adder (D:4)
  An ufetubus (D:3)
  A worm (D:3)
  3 bats
  8 endoplasms
  4 giant cockroaches
  7 goblins
  5 hobgoblins
  4 jackals (D:2)
  5 kobolds
  3 quokkas
  3 ball pythons
  A frilled lizard (D:3)
  5 rats
52 creatures vanquished.

Notes
Turn   | Place    | Note
-------+----------+-------------------------------------------
     0 | D:1      | voltaire321 the Demonspawn Gladiator began the quest for
                  | the Orb.
     0 | D:1      | Reached XP level 1. HP: 16/16 MP: 1/1
   461 | D:1      | Gained mutation: You regenerate a little health from kills.
                  | [demonic ancestry]
   461 | D:1      | Reached XP level 2. HP: 22/22 MP: 2/2
  1098 | D:1      | Found a faded altar of an unknown god.
  1224 | D:2      | Gained mutation: You have sharp toenails. [demonic
                  | ancestry]
  1224 | D:2      | Reached XP level 3. HP: 27/27 MP: 3/3
  1378 | D:2      | Reached skill level 1 in Armour
  1720 | D:2      | Found a basalt altar of Yredelemnul.
  2877 | D:3      | Found a large runed translucent door.
  2878 | D:3      | Found a large runed translucent door.
  2909 | D:3      | Found a snail-covered altar of Cheibriados.
  2912 | D:3      | Found an ornate altar of the Wu Jian Council.
  2915 | D:3      | Became a worshipper of the Wu Jian Council
  3058 | D:4      | Reached XP level 4. HP: 2/34 MP: 4/4
  3058 | D:4      | HP: 1/34 [orc (2)]
  3059 | D:4      | Gained mutation: Your flesh is heat resistant. (rF+)
                  | [potion of mutation]
  3059 | D:4      | Gained mutation: Your mind is acute. (Int +2) [potion of
                  | mutation]
  3059 | D:4      | Gained mutation: Your flesh is very heat resistant. (rF++)
                  | [potion of mutation]
  3059 | D:4      | Gained mutation: Your mind is very acute. (Int +4) [potion
                  | of mutation]
  3059 | D:4      | Slain by an orc

Illustrated notes

Levels and vault maps discovered:
D:1:      amcnicky_arrival_underground_garden, layout_loops_ring,
          hellmonk_ecumenical_altar_inner_sanctum
D:2:      minmay_spotlight, layout_basic, basic_altar
D:3:      layout_basic, jmf_multi_god_temple2
D:4:      layout_cave_pools, grunt_temple_overflow_growth_and_decay

Skill      XL: |  1  2  3 |
---------------+----------+-----
Throwing       | 2 |  2.4
Long Blades    | 3 |  3.2
Dodging        | 3 |  3.1
Armour         | 1 |  1.3
Fighting       | |  2.6
Shields        | |  0.6

Action                   |  1- 3 |  4- 6 || total
-------------------------+-------+-------++-------
Melee: Long sword        |   130 |     1 ||   131
       Kick              |    23 |     3 ||    26
  Use: Potion            |       |     1 ||     1
 Stab: Sleeping          |     3 |       ||     3
Armor: Leather armour    |    49 |     1 ||    50
Dodge: Dodged            |   102 |     2 ||   104
Block: Buckler           |    17 |       ||    17
       Rpst.: Long sword |    32 |     2 ||    34
